AoeStats
← [GDL] Maldito Pantoja

Fortress

508349924Analyzed
4v4 RM · 10d ago on Sep 22, 2026· 44m 11s· 8 players
Game mode
Random Map
Map size
Huge
Population
200
Speed
Normal
Resources
Standard
Victory
Conquest
Starting age
Dark Age
Ending age
Imperial Age
RankedLock teamsTeams togetherTeam positionsShared explorationLock speedFull tech treeHidden civsTurbo modeCheats
Victory
Defeat
🇺🇸 Japanese · United States
1310
+11
🇨🇱 Slavs · Chile
1198
+15
🇦🇷 Vietnamese · Argentina
1196
+16
🇨🇳 Turks · China
1190
+16
🇺🇸 Georgians · United States
1227
-16
🇲🇽 Maya · Mexico
1197
-15
🇨🇦 Tupi · Canada
1189
-14
🇲🇽 Huns · Mexico
1156
-13
[GDL] Maldito Pantoja
8:43 Feudal Age
10:11 Wheelbarrow
9:23 Loom
14:32 Castle Age
12:27 Horse Collar
12:39 Double-Bit Axe
15:29 Scale Barding Armor
16:08 Forging
24:05 Chain Barding Armor
25:23 Heavy Plow
26:32 Bow Saw
26:16 Gold Mining
26:39 Stone Mining
29:03 Iron Casting
31:04 Imperial Age
28:50 Hand Cart
29:37 Iron Casting
30:59 Gold Shaft Mining
30:55 Bloodlines
30:45 Husbandry
30:58 Husbandry
31:16 Marauders
31:19 Cavalier
32:35 Plate Barding Armor
33:01 Blast Furnace
32:23 Conscription
36:20 Caravan
38:23 Town Watch
40:40 Paladin
trashypanda
7:55 Feudal Age
6:12 Loom
11:40 Castle Age
10:39 Double-Bit Axe
10:35 Horse Collar
15:16 Bow Saw
19:30 Wheelbarrow
19:19 Fletching
20:20 Gold Mining
20:33 Heavy Plow
22:15 Bodkin Arrow
22:21 Padded Archer Armor
22:38 Hand Cart
28:14 Imperial Age
26:28 Leather Archer Armor
28:11 Ballistics
28:18 Elite Blackwood Archer
29:06 Pikeman
29:46 Squires
30:12 Scale Mail Armor
30:22 Forging
30:14 Bracer
30:43 Conscription
31:35 Curare
32:48 Two-Man Saw
31:38 Gold Mining
32:18 Halberdier
35:12 Chemistry
35:14 Chain Mail Armor
35:34 Iron Casting
35:54 Caravan
37:42 Ring Archer Armor
37:22 Arson
46631201
7:10 Feudal Age
10:44 Castle Age
9:04 Double-Bit Axe
9:50 Horse Collar
12:00 Bow Saw
18:32 Wheelbarrow
21:11 Hand Cart
20:48 Gold Mining
21:04 Scale Barding Armor
21:04 Heavy Plow
22:39 Stone Mining
26:01 Imperial Age
23:40 Scale Barding Armor
24:19 Stone Shaft Mining
24:51 Chain Barding Armor
24:43 Forging
24:52 Town Watch
24:53 Loom
26:07 Town Patrol
26:21 Husbandry
26:31 Bloodlines
26:22 Elite Monaspa
27:14 Aznauri Cavalry
27:37 Conscription
28:37 Plate Barding Armor
28:37 Iron Casting
31:43 Blast Furnace
31:04 Fletching
33:11 Bodkin Arrow
34:03 Pikeman
34:45 Bracer
34:46 Padded Archer Armor
35:08 Ballistics
35:49 Chemistry
35:30 Svan Towers
38:56 Caravan
39:04 Guard Tower
39:40 Leather Archer Armor
42:51 Light Cavalry
[ GMEX ] Uhtred the Uhtred
8:26 Feudal Age
9:34 Double-Bit Axe
12:39 Castle Age
10:39 Stone Mining
10:59 Horse Collar
13:26 Fletching
13:52 Bow Saw
15:33 Loom
19:16 Wheelbarrow
26:07 Imperial Age
25:08 Gold Mining
26:10 Scale Mail Armor
26:06 Pikeman
27:42 Conscription
27:31 Halberdier
29:00 Chain Mail Armor
28:57 Forging
29:20 Squires
29:05 Arson
30:24 Plate Mail Armor
31:25 Iron Casting
35:19 Blast Furnace
35:16 Elite Skirmisher
35:24 Elite Skirmisher
36:03 Bodkin Arrow
36:10 Padded Archer Armor
37:38 Thumb Ring
37:54 Leather Archer Armor
37:41 Bracer
38:07 Ballistics
BuFu1
7:08 Feudal Age
11:07 Castle Age
10:00 Double-Bit Axe
10:11 Horse Collar
12:06 Bow Saw
14:00 Wheelbarrow
17:07 Loom
20:30 Gold Mining
20:34 Stone Mining
21:59 Hand Cart
22:12 Pikeman
22:52 Squires
22:38 Arson
22:38 Gambesons
28:33 Heavy Plow
32:07 Imperial Age
32:01 Fortified Wall
32:12 Ballistics
31:33 Treadmill Crane
32:03 Masonry
33:29 Gold Shaft Mining
32:54 Halberdier
33:47 Town Watch
34:07 Scale Mail Armor
34:17 Forging
33:58 Fletching
34:50 Conscription
35:39 Two-Man Saw
35:41 Chain Mail Armor
37:33 Iron Casting
36:54 Bodkin Arrow
38:04 Chemistry
36:57 Guard Tower
36:53 Arrowslits
38:08 Chemistry
37:05 Murder Holes
37:02 Elite Samurai
37:46 Yasama
37:11 Elite Samurai
38:28 Keep
38:55 Chemistry
37:51 Murder Holes
39:25 Hoardings
38:57 Siege Engineers
39:54 Plate Mail Armor
39:27 Bracer
40:19 Plate Mail Armor
40:50 Blast Furnace
bastianbps
7:26 Feudal Age
8:24 Loom
10:59 Castle Age
9:27 Double-Bit Axe
9:23 Horse Collar
11:59 Bow Saw
14:23 Heavy Plow
20:09 Wheelbarrow
23:17 Imperial Age
22:09 Scale Barding Armor
24:37 Chain Barding Armor
24:23 Elite Boyar
26:49 Detinets
27:10 Conscription
27:31 Plate Barding Armor
28:27 Two-Man Saw
27:36 Gold Mining
28:29 Forging
29:19 Bloodlines
29:10 Husbandry
32:17 Iron Casting
34:34 Blast Furnace
37:46 Hand Cart
37:16 Town Watch
37:49 Fletching
38:00 Padded Archer Armor
39:50 Elite Skirmisher
40:26 Bodkin Arrow
41:09 Caravan
41:19 Caravan
41:40 Light Cavalry
heavensent
8:48 Feudal Age
9:28 Double-Bit Axe
9:25 Horse Collar
12:22 Castle Age
13:30 Bow Saw
13:25 Heavy Plow
14:13 Wheelbarrow
14:44 Hand Cart
18:21 Gold Mining
19:33 Stone Mining
22:06 Loom
25:02 Imperial Age
22:29 Town Watch
23:21 Husbandry
23:32 Bloodlines
25:04 Forging
24:59 Scale Barding Armor
24:45 Fletching
25:06 Scale Barding Armor
25:01 Padded Archer Armor
25:03 Murder Holes
25:29 Ballistics
25:44 Elite Skirmisher
27:32 Two-Man Saw
27:23 Thumb Ring
26:40 Imperial Skirmisher
27:48 Thumb Ring
28:22 Bodkin Arrow
28:43 Leather Archer Armor
31:08 Chemistry
30:10 Bracer
30:40 Ring Archer Armor
30:21 Forging
30:51 Chatras
31:53 Crop Rotation
32:02 Chain Barding Armor
31:15 Elite Battle Elephant
32:13 Light Cavalry
34:53 Scale Mail Armor
35:29 Iron Casting
35:57 Chain Mail Armor
35:47 Pikeman
36:28 Squires
36:19 Halberdier
39:15 Fortified Wall
39:36 Plate Mail Armor
40:54 Paper Money
Sunny
7:22 Feudal Age
11:49 Castle Age
9:49 Double-Bit Axe
13:19 Bow Saw
14:20 Horse Collar
19:35 Wheelbarrow
19:44 Heavy Plow
21:17 Gold Mining
21:17 Stone Mining
22:07 Hand Cart
21:37 Loom
23:11 Gold Shaft Mining
23:48 Padded Archer Armor
23:41 Fletching
27:17 Imperial Age
24:52 Treadmill Crane
25:33 Ballistics
25:33 Leather Archer Armor
25:20 Bodkin Arrow
26:09 Thumb Ring
27:05 Husbandry
27:15 Bloodlines
27:46 Sipahi
28:37 Ring Archer Armor
28:08 Bracer
28:45 Parthian Tactics
28:52 Heavy Cavalry Archer
30:00 Conscription
30:51 Two-Man Saw
30:43 Elite Janissary
36:00 Guard Tower
35:56 Arrowslits
36:34 Artillery
37:43 Caravan
42:00 Keep
41:35 Masonry
41:21 Murder Holes
41:49 Bombard Tower
41:39 Fortified Wall
Connection lost

Rejoining the realm…

Still unreachable

The connection could not be restored.

Session expired

The server has moved on; the page needs a fresh start.